TOP OF THE 1ST |
New Orleans Voodoo batting - Pitching for Thunder Bay Northern Lions BC : LHP Norberto Quintana
|
Pitching: LHP Norberto Quintana
|
|
Batting: RHB Rafael Arredondo
|
0-0: Ball 1-0: Ball 2-0: Ground out 5-3 (Groundball, 56)
|
Batting: RHB Orlando Velásquez
|
0-0: Ground out 3-1 (Groundball, 34S)
|
Batting: RHB António Pérez
|
0-0: Ball 1-0: Foul Ball, location: 2F 1-1: Ball 2-1: Foul Ball, location: 2F 2-2: Ball 3-2: Base on Balls
|
Batting: LHB Mario Nieves
|
0-0: Called Strike 0-1: Ball 1-1: Ball 2-1: Fly out, F7 (Flyball, 7D)
|
Top of the 1st over - 0 runs, 0 hits, 0 errors, 1 left on base; New Orleans 0 - Thunder Bay 0 |
BOTTOM OF THE 1ST |
Thunder Bay Northern Lions BC batting - Pitching for New Orleans Voodoo : LHP Fernando Padilla
|
Pitching: LHP Fernando Padilla
|
|
Batting: RHB António Mendoza
|
0-0: Ball 1-0: Foul Ball, location: 2F 1-1: Foul Ball, location: 2F 1-2: Fly out, F2 (Popup, 2L)
|
Batting: LHB Luis Freitas
|
0-0: Ball 1-0: Ball 2-0: Ground out U3 (Groundball, 34)
|
Batting: LHB David Smith
|
0-0: Foul Ball, location: 2F 0-1: Ground out U3 (Groundball, 34)
|
Bottom of the 1st over - 0 runs, 0 hits, 0 errors, 0 left on base; New Orleans 0 - Thunder Bay 0 |
TOP OF THE 2ND |
New Orleans Voodoo batting - Pitching for Thunder Bay Northern Lions BC : LHP Norberto Quintana
|
Batting: RHB Arnold Giroux
|
0-0: Ball 1-0: Foul Ball, location: 2F 1-1: Fly out, F8 (Flyball, 8LD)
|
Batting: RHB Mario Álvarez
|
0-0: Ball 1-0: Foul Ball, location: 2F 1-1: Foul Ball, location: 2F 1-2: Ground out 6-3 (Groundball, 6M)
|
Batting: RHB Claudio Tappen
|
0-0: Foul Ball, location: 2F 0-1: Called Strike 0-2: Fly out, F9 (Flyball, 9LS)
|
Top of the 2nd over - 0 runs, 0 hits, 0 errors, 0 left on base; New Orleans 0 - Thunder Bay 0 |
BOTTOM OF THE 2ND |
Thunder Bay Northern Lions BC batting - Pitching for New Orleans Voodoo : LHP Fernando Padilla
|
Batting: RHB Carlos Padilla
|
0-0: Hit by Pitch
|
Batting: RHB Bartolo Morales
|
0-0: Ball 1-0: Ball 2-0: Fielders Choice at 2nd, 1-4 (Groundball, 15S)
|
Batting: RHB Denis Higgins
|
0-0: Called Strike 0-1: Called Strike 0-2: Reached on error, E4 (Groundball, 34) Bartolo Morales to second
|
Batting: RHB Augusto Encarnación
|
0-0: Swinging Strike 0-1: Foul Ball, location: 2F 0-2: Grounds into double play, 1-6-3 (Groundball, 13)
|
Bottom of the 2nd over - 0 runs, 0 hits, 1 error, 1 left on base; New Orleans 0 - Thunder Bay 0 |
TOP OF THE 3RD |
New Orleans Voodoo batting - Pitching for Thunder Bay Northern Lions BC : LHP Norberto Quintana
|
Batting: RHB Apu Nahasapeemapetilon
|
0-0: Ground out 6-3 (Groundball, 6)
|
Batting: RHB Colm Goodwill
|
0-0: Called Strike 0-1: Fly out, F7 (Flyball, 78M)
|
Batting: RHB Rafael Arredondo
|
0-0: Ball 1-0: Called Strike 1-1: Swinging Strike 1-2: Ball 2-2: Ball 3-2: Strikes out swinging
|
Top of the 3rd over - 0 runs, 0 hits, 0 errors, 0 left on base; New Orleans 0 - Thunder Bay 0 |
BOTTOM OF THE 3RD |
Thunder Bay Northern Lions BC batting - Pitching for New Orleans Voodoo : LHP Fernando Padilla
|
Batting: SHB Jack MacAsgill
|
0-0: Ball 1-0: Called Strike 1-1: Foul Ball, location: 2F 1-2: Ball 2-2: Ball 3-2: Foul Ball, location: 2F 3-2: Foul Ball, location: 2F 3-2: Strikes out swinging
|
Batting: RHB Rafael Pueblo
|
0-0: Ball 1-0: SINGLE (Line Drive, 9LS)
|
Batting: RHB António Mendoza
|
0-0: Ball 1-0: Ball 2-0: Called Strike 2-1: Foul Ball, location: 2F 2-2: Strikes out swinging
|
Batting: LHB Luis Freitas
|
0-0: Ball Rafael Pueblo steals 2nd base 1-0: Ball 2-0: Ball 3-0: Called Strike 3-1: Fly out, F9 (Line Drive, 9)
|
Bottom of the 3rd over - 0 runs, 1 hit, 0 errors, 1 left on base; New Orleans 0 - Thunder Bay 0 |
TOP OF THE 4TH |
New Orleans Voodoo batting - Pitching for Thunder Bay Northern Lions BC : LHP Norberto Quintana
|
Batting: RHB Orlando Velásquez
|
0-0: Swinging Strike 0-1: Called Strike 0-2: Ball 1-2: Strikes out looking
|
Batting: RHB António Pérez
|
0-0: DOUBLE (Line Drive, 9LD)
|
Pitching: LHP Cherles Gachineiro
|
|
Batting: LHB Mario Nieves
|
0-0: Fly out, F8 (Flyball, 89D) Runner from 2nd tags up, SAFE at 3rd, no throw
|
Batting: RHB Arnold Giroux
|
0-0: Ball 1-0: Foul Ball, location: 2F 1-1: Fly out, F9 (Flyball, 9S)
|
Top of the 4th over - 0 runs, 1 hit, 0 errors, 1 left on base; New Orleans 0 - Thunder Bay 0 |
BOTTOM OF THE 4TH |
Thunder Bay Northern Lions BC batting - Pitching for New Orleans Voodoo : LHP Fernando Padilla
|
Batting: LHB David Smith
|
0-0: Ball 1-0: Called Strike 1-1: Foul Ball, location: 2F 1-2: Strikes out swinging
|
Batting: RHB Carlos Padilla
|
0-0: Ball 1-0: Ball 2-0: Ball 3-0: Base on Balls
|
Batting: RHB Bartolo Morales
|
0-0: Ball 1-0: Grounds into double play, 1-6-3 (Groundball, P)
|
Bottom of the 4th over - 0 runs, 0 hits, 0 errors, 0 left on base; New Orleans 0 - Thunder Bay 0 |
TOP OF THE 5TH |
New Orleans Voodoo batting - Pitching for Thunder Bay Northern Lions BC : LHP Cherles Gachineiro
|
Batting: RHB Mario Álvarez
|
0-0: Called Strike 0-1: Ground out 6-3 (Groundball, 6MS)
|
Batting: RHB Claudio Tappen
|
0-0: Ball 1-0: Ball 2-0: SINGLE (Groundball, 6) (infield hit)
|
Batting: RHB Apu Nahasapeemapetilon
|
0-0: Called Strike 0-1: Ball 1-1: Grounds into double play, 5-4-3 (Groundball, 56)
|
Top of the 5th over - 0 runs, 1 hit, 0 errors, 0 left on base; New Orleans 0 - Thunder Bay 0 |
BOTTOM OF THE 5TH |
Thunder Bay Northern Lions BC batting - Pitching for New Orleans Voodoo : LHP Fernando Padilla
|
Batting: RHB Denis Higgins
|
0-0: Ball 1-0: Called Strike 1-1: Fly out, F8 (Flyball, 8RXD)
|
Batting: RHB Augusto Encarnación
|
0-0: Ball 1-0: Called Strike 1-1: Ball 2-1: Ground out 5-3 (Groundball, 56S)
|
Batting: SHB Jack MacAsgill
|
0-0: Foul Ball, location: 2F 0-1: Fly out, F9 (Flyball, 9S)
|
Bottom of the 5th over - 0 runs, 0 hits, 0 errors, 0 left on base; New Orleans 0 - Thunder Bay 0 |
TOP OF THE 6TH |
New Orleans Voodoo batting - Pitching for Thunder Bay Northern Lions BC : LHP Cherles Gachineiro
|
Batting: RHB Colm Goodwill
|
0-0: Ball 1-0: Ball 2-0: Called Strike 2-1: Bunted foul 2-2: Strikes out swinging
|
Batting: RHB Rafael Arredondo
|
0-0: Ball 1-0: Called Strike 1-1: Called Strike 1-2: Ball 2-2: Strikes out looking
|
Batting: RHB Orlando Velásquez
|
0-0: Called Strike 0-1: Swinging Strike 0-2: Ball 1-2: Strikes out swinging
|
Top of the 6th over - 0 runs, 0 hits, 0 errors, 0 left on base; New Orleans 0 - Thunder Bay 0 |
BOTTOM OF THE 6TH |
Thunder Bay Northern Lions BC batting - Pitching for New Orleans Voodoo : LHP Fernando Padilla
|
Batting: RHB Rafael Pueblo
|
0-0: Ground out 5-3 (Groundball, 56)
|
Batting: RHB António Mendoza
|
0-0: Foul Ball, location: 2F 0-1: Ball 1-1: Foul Ball, location: 2F 1-2: Fly out, F8 (Flyball, 8RD)
|
Batting: LHB Luis Freitas
|
0-0: Called Strike 0-1: Swinging Strike 0-2: Ball 1-2: Ball 2-2: Ball 3-2: Foul Ball, location: 2F 3-2: Fly out, F4 (Line Drive, 4)
|
Bottom of the 6th over - 0 runs, 0 hits, 0 errors, 0 left on base; New Orleans 0 - Thunder Bay 0 |
TOP OF THE 7TH |
New Orleans Voodoo batting - Pitching for Thunder Bay Northern Lions BC : LHP Cherles Gachineiro
|
Pitching: RHP Dino Moonglampers
|
|
Batting: RHB António Pérez
|
0-0: Called Strike 0-1: Called Strike 0-2: Ball 1-2: Strikes out swinging
|
Batting: LHB Mario Nieves
|
0-0: Ball 1-0: Ball 2-0: Ball 3-0: Called Strike 3-1: Called Strike 3-2: Ground out 4-3 (Groundball, 4)
|
Batting: RHB Arnold Giroux
|
0-0: Foul Ball, location: 2F 0-1: Foul Ball, location: 2F 0-2: Ball 1-2: Ground out 5-3 (Groundball, 56)
|
Top of the 7th over - 0 runs, 0 hits, 0 errors, 0 left on base; New Orleans 0 - Thunder Bay 0 |
BOTTOM OF THE 7TH |
Thunder Bay Northern Lions BC batting - Pitching for New Orleans Voodoo : LHP Fernando Padilla
|
Batting: LHB David Smith
|
0-0: Ball 1-0: Fly out, F8 (Flyball, 8LXD)
|
Batting: RHB Carlos Padilla
|
0-0: Foul Ball, location: 2F 0-1: SINGLE (Line Drive, 4MD)
|
Batting: RHB Bartolo Morales
|
0-0: Ball 1-0: Foul Ball, location: 2F 1-1: SINGLE (Groundball, 4S) (infield hit) Carlos Padilla to second
|
Batting: RHB Denis Higgins
|
0-0: Foul Ball, location: 2F 0-1: Called Strike 0-2: Ball 1-2: Ball 2-2: Ball 3-2: Ground out 3-1 (Groundball, 34S) Carlos Padilla to third Bartolo Morales to second
|
Batting: RHB Augusto Encarnación
|
0-0: Ball 1-0: Ball 2-0: Ball 3-0: Called Strike 3-1: Ground out 6-3 (Groundball, 6MS)
|
Bottom of the 7th over - 0 runs, 2 hits, 0 errors, 2 left on base; New Orleans 0 - Thunder Bay 0 |
TOP OF THE 8TH |
New Orleans Voodoo batting - Pitching for Thunder Bay Northern Lions BC : RHP Dino Moonglampers
|
Batting: RHB Mario Álvarez
|
0-0: Ball 1-0: Ball 2-0: Ball 3-0: Called Strike 3-1: Foul Ball, location: 2F 3-2: Foul Ball, location: 2F 3-2: Foul Ball, location: 2F 3-2: Base on Balls
|
Batting: RHB Claudio Tappen
|
0-0: Fielders Choice at 2nd, 5-4 (Groundball, 56)
|
Batting: RHB Apu Nahasapeemapetilon
|
0-0: Ball 1-0: Foul Ball, location: 2F 1-1: Called Strike 1-2: Foul Ball, location: 2F 1-2: Fly out, F3 (Popup, 3L)
|
Pinch Hitting: LHB William O'Keefe
|
0-0: Ball 1-0: Foul Ball, location: 2F 1-1: Called Strike 1-2: Fly out, F8 (Flyball, 8RD)
|
Top of the 8th over - 0 runs, 0 hits, 0 errors, 1 left on base; New Orleans 0 - Thunder Bay 0 |
BOTTOM OF THE 8TH |
Thunder Bay Northern Lions BC batting - Pitching for New Orleans Voodoo : LHP Fernando Padilla
|
Now at SS: José Paz
|
|
Batting: SHB Jack MacAsgill
|
0-0: Called Strike 0-1: Called Strike 0-2: Ball 1-2: Foul Ball, location: 2F 1-2: Ball 2-2: Ball 3-2: Foul Ball, location: 2F 3-2: Base on Balls
|
Batting: RHB Rafael Pueblo
|
0-0: Ball 1-0: Ball 2-0: Called Strike 2-1: Fly out, F5 (Popup, 56S)
|
Pitching: RHP Quintiliano Seixal
|
|
Batting: RHB António Mendoza
|
0-0: Foul Ball, location: 2F 0-1: Swinging Strike 0-2: Foul Ball, location: 2F 0-2: Ball 1-2: Ball 2-2: Fielders Choice at 2nd, 5-4 (Groundball, 56)
|
Batting: LHB Luis Freitas
|
0-0: Swinging Strike 0-1: Ball 1-1: Called Strike 1-2: Strikes out looking
|
Bottom of the 8th over - 0 runs, 0 hits, 0 errors, 1 left on base; New Orleans 0 - Thunder Bay 0 |
TOP OF THE 9TH |
New Orleans Voodoo batting - Pitching for Thunder Bay Northern Lions BC : RHP Dino Moonglampers
|
Batting: RHB Rafael Arredondo
|
0-0: Ball 1-0: Ball 2-0: Ball 3-0: Base on Balls
|
Batting: RHB Orlando Velásquez
|
0-0: Bunted foul 0-1: Sac Bunt - play at first, batter OUT! 1-4 Rafael Arredondo to second
|
Batting: RHB António Pérez
|
0-0: Foul Ball, location: 2F 0-1: Ball 1-1: Fly out, F9 (Flyball, 89D) Runner from 2nd tags up, SAFE at 3rd, no throw
|
Batting: LHB Mario Nieves
|
0-0: Called Strike 0-1: Ball 1-1: Foul Ball, location: 2F 1-2: Foul Ball, location: 2F 1-2: SINGLE (Flyball, 9LS) Rafael Arredondo scores
|
Batting: RHB Arnold Giroux
|
0-0: Called Strike 0-1: Fly out, F8 (Flyball, 8RXD)
|
Top of the 9th over - 1 run, 1 hit, 0 errors, 1 left on base; New Orleans 1 - Thunder Bay 0 |
BOTTOM OF THE 9TH |
Thunder Bay Northern Lions BC batting - Pitching for New Orleans Voodoo : RHP Quintiliano Seixal
|
Batting: LHB David Smith
|
0-0: Ball 1-0: Ground out 4-3 (Groundball, 4M)
|
Batting: RHB Carlos Padilla
|
0-0: Foul Ball, location: 2F 0-1: Foul Ball, location: 2F 0-2: Ball 1-2: Ball 2-2: Ball 3-2: Fly out, F7 (Flyball, 7D)
|
Batting: RHB Bartolo Morales
|
0-0: Ball 1-0: Ground out 6-3 (Groundball, 6)
|
Bottom of the 9th over - 0 runs, 0 hits, 0 errors, 0 left on base; New Orleans 1 - Thunder Bay 0 |
|